 Dungeon Crawl Stone Soup version 0.19.4 (webtiles) character file.

10658 Kiturien the Cleaver (level 11, 0/95 HPs)
             Began as a Hill Orc Fighter on Feb 1, 2017.
             Was a Priest of Qazlal.
             Killed by vampiric draining
             ... invoked by Josephine
              (22 damage)
             ... on level 12 of the Dungeon.
             The game lasted 00:55:32 (9458 turns).

Kiturien the Cleaver (Hill Orc Fighter)             Turns: 9458, Time: 00:55:32

Health: 0/95       AC: 17    Str: 25    XL:     11   Next: 65%
Magic:  14/14      EV:  4    Int:  8    God:    Qazlal [***...]
Gold:   694        SH: 21    Dex: 12    Spells: 2 memorised, 8 levels left

rFire  . . .     SeeInvis +     a - +3 war axe
rCold  . . .     Gourm    .     M - +0 plate armour
rNeg   . . .     Faith    .     V - +0 large shield
rPois  .         Spirit   .     m - +0 helmet
rElec  .         Reflect  .     F - +0 cloak
rCorr  .         Harm     .     (no gloves)
MR     +....                    g - +0 pair of boots
Stlth  ..........               B - amulet of regeneration
                                j - ring of protection from magic
                                r - ring of see invisible

@: slowed, heavily drained, very slow
A: agile 1, shaggy fur 1, strong 1
a: Upheaval, Elemental Force, Renounce Religion


You were on level 12 of the Dungeon.
You worshipped Qazlal.
Qazlal was most pleased with you.
You were not hungry.

You visited 2 branches of the dungeon, and saw 13 of its levels.

You collected 724 gold pieces.
You spent 30 gold pieces at shops.

Inventory:

Hand Weapons
 a - a +3 war axe (weapon)
 K - a cursed +2 hand axe of freezing
 L - a +2 battleaxe
Armour
 c - a +0 shield
 g - a +0 pair of boots (worn)
 m - a +0 helmet (worn)
 t - a +0 ring mail of fire resistance
 F - a +0 cloak (worn)
 M - a +0 plate armour (worn)
 V - a +0 large shield (worn)
Magical Staves
 O - an uncursed staff of wizardry
Jewellery
 j - a ring of protection from magic (right hand)
 r - a ring of see invisible (left hand)
 w - an uncursed ring of positive energy
 y - an uncursed ring of flight
 B - an amulet of regeneration (around neck)
Wands
 x - a wand of digging (13/24)
 D - a wand of disintegration (16/24)
 E - a wand of flame (47/48)
Scrolls
 i - 2 scrolls of amnesia
 l - a scroll of fear {unknown}
 n - 3 scrolls of immolation
 o - 5 scrolls of remove curse
 p - 2 scrolls of recharging
 v - 2 scrolls of teleportation
 A - a scroll of blinking {unknown}
 H - a scroll of torment {unknown}
 J - a scroll of enchant armour {unknown}
 P - 2 scrolls of magic mapping {unknown}
 R - a scroll of vulnerability {unknown}
Potions
 b - a potion of agility
 d - 3 potions of might
 e - 7 potions of curing
 k - a potion of berserk rage
 q - 2 potions of lignification
 z - 2 potions of flight
 C - 3 potions of cure mutation
 G - 2 potions of magic
 I - 2 potions of ambrosia
 N - 2 potions of brilliance {unknown}
 U - a potion of haste
Books
 s - a book of Misfortune

   Spells                             Type                      Level
   a - Confusing Touch                Hexes                        1
   b - Confuse                        Hexes                        3
   c - Gell's Gravitas                Hexes/Translocation          3
   d - Petrify                        Transmutation/Earth          4
   e - Metabolic Englaciation         Hexes/Ice                    5
   f - Yara's Violent Unravelling     Hexes/Transmutation          5
 T - a book of Clouds

   Spells                             Type                      Level
   a - Mephitic Cloud                 Conjuration/Poison/Air       3
   b - Conjure Flame                  Conjuration/Fire             3
   c - Poisonous Cloud                Conjuration/Poison/Air       6
   d - Freezing Cloud                 Conjuration/Ice/Air          6
   e - Ring of Flames                 Charms/Fire                  7
Comestibles
 f - 5 bread rations
 h - 6 meat rations
 u - 9 royal jellies
 Q - 3 beef jerkies
 S - 3 fruits


   Skills:
 - Level 8.5(6.8) Fighting
 - Level 14.7(12.7) Axes
 - Level 7.3(5.6) Armour
 - Level 2.2(0.7) Dodging
 - Level 9.3(7.6) Shields
 * Level 2.2(0.8) Spellcasting
 * Level 3.0(1.5) Conjurations
 + Level 2.6(1.2) Fire Magic
 - Level 4.2(2.7) Invocations


You had 8 spell levels left.
You knew the following spells:

 Your Spells              Type           Power        Failure   Level  Hunger
a - Conjure Flame         Conj/Fire      #.......     100%        3    ####...
b - Mephitic Cloud        Conj/Pois/Air  #.......     100%        3    ####...


Dungeon Overview and Level Annotations

Branches:
Dungeon (12/15)            Temple (1/1) D:7
   Lair: D:8-11         Orc: D:9-12

Altars:
Ashenzari
Cheibriados
Dithmenos
Elyvilon
Fedhas
Gozag
Hepliaklqana
Kikubaaqudgha
Makhleb
Nemelex Xobeh
Okawaru
Qazlal
Ru
Sif Muna
Trog
Uskayaw
Vehumet
Xom
Yredelemnul
Zin
The Shining One

Shops:
D:8 }   D:10 *

Annotations:
D:9 1 runed door
D:12 Josephine


Innate Abilities, Weirdness & Mutations

You are agile. (Dex +2)
You are covered in fur. (AC +1)
Your muscles are strong. (Str +2)


Message History

You slash the wolf simulacrum!
The wolf simulacrum vapourises!
Qazlal accepts your kill.
Your base Conjurations skill increases to level 3!
You hit the wraith. You block the wraith's attack.
Josephine hits you but does no damage.
The necromancer is engulfed in roaring flames.
You block the necromancer's attack. The wraith hits you but does no damage.
Josephine hits you but does no damage.
Your shield and plate armour prevent you from hitting the necromancer.
The necromancer is moderately wounded.
You barely miss the river rat simulacrum.
You hit the wraith. You slash Josephine!
The necromancer is engulfed in roaring flames.
The necromancer points at you and mumbles some strange words.
Your body is wracked with pain!
* * * LOW HITPOINT WARNING * * *
Josephine grinds her teeth.
Josephine is infused with unholy energy.
You die...

######
#ยง@..+
#@p..#
#WZ..#
#....#
###..+
..# ###


You could see Josephine, a necromancer, a wraith and a river rat simulacrum.

Vanquished Creatures
  3 hill giants (D:10)
  Joseph (D:10)
  Maurice (D:8)
  A centaur skeleton (D:10)
  A komodo dragon (D:10)
  2 trolls (D:10)
  Grinder (D:6)
  The ghost of Schimscham the Chiller, an amateur NaIE of Sif Muna (D:4)
  2 hornets (D:10)
  Prince Ribbit (D:5)
  5 hippogriffs
  Sigmund (D:6)
  4 yaks (D:10)
  Menkaure (D:4)
  A soldier ant (D:10)
  A water moccasin (D:9)
  An orc warrior (D:7)
  2 phantoms
  2 black bears
  A sky beast (D:9)
  An ice beast (D:10)
  6 ogres
  6 centaurs
  A crocodile (D:10)
  A big kobold (D:7)
  3 bullfrogs
  A wyvern skeleton (D:8)
  2 scorpions
  17 wights
  A howler monkey (D:7)
  4 crimson imps
  A quasit (D:8)
  A bullfrog zombie (D:5)
  11 hounds
  8 orc priests
  Crazy Yiuf (D:7)
  3 jellies
  7 orc wizards
  3 iguanas
  10 worker ants
  A wolf simulacrum (D:12)
  2 hound skeletons
  A worker ant zombie (D:6)
  14 gnolls
  10 adders
  A shadow imp (D:5)
  An ooze (D:1)
  3 adder skeletons
  2 adder zombies
  5 worms
  2 dart slugs (D:1)
  7 leopard geckos
  33 orcs
  5 giant cockroaches
  4 goblins
  12 hobgoblins
  11 jackals
  12 kobolds
  3 quokkas
  2 ball pythons (D:2)
  12 bats
  4 frilled lizards
  A jackal skeleton (D:4)
  A quokka skeleton (D:6)
  6 rats
  9 plants (D:7)
285 creatures vanquished.

Notes
Turn   | Place    | Note
-------+----------+-------------------------------------------
     0 | D:1      | Kiturien the Hill Orc Fighter began the quest for the Orb.
     0 | D:1      | Reached XP level 1. HP: 19/19 MP: 1/1
   101 | D:1      | Reached XP level 2. HP: 17/27 MP: 2/2
   223 | D:1      | Reached skill level 3 in Axes
   454 | D:1      | Reached XP level 3. HP: 33/33 MP: 3/3
   455 | D:1      | Reached skill level 4 in Axes
   773 | D:2      | Reached skill level 5 in Axes
   858 | D:2      | Reached XP level 4. HP: 38/40 MP: 4/4
  1671 | D:3      | Noticed a bullfrog
  1676 | D:3      | Killed a bullfrog
  1676 | D:3      | Reached skill level 6 in Axes
  1676 | D:3      | Reached XP level 5. HP: 41/46 MP: 5/5
  1725 | D:3      | Reached skill level 7 in Axes
  1859 | D:3      | Reached XP level 6. HP: 22/52 MP: 6/6
  2242 | D:4      | Reached skill level 8 in Axes
  2310 | D:4      | Noticed Menkaure
  2361 | D:3      | Reached XP level 7. HP: 27/59 MP: 7/7
  2533 | D:4      | Killed Menkaure
  2627 | D:4      | Reached skill level 9 in Axes
  3027 | D:4      | Noticed Schimscham's ghost (amateur NaIE)
  3047 | D:4      | Killed Schimscham's ghost
  3047 | D:4      | Reached skill level 5 in Fighting
  3047 | D:4      | Reached skill level 1 in Dodging
  3047 | D:4      | Reached XP level 8. HP: 12/68 MP: 8/8
  3366 | D:4      | Reached skill level 10 in Axes
  3622 | D:5      | Entered Level 5 of the Dungeon
  3938 | D:5      | Found a bloodstained altar of Trog.
  4109 | D:5      | Reached skill level 5 in Shields
  4283 | D:5      | Noticed Prince Ribbit
  4336 | D:5      | Reached skill level 11 in Axes
  4370 | D:5      | Killed Prince Ribbit
  4370 | D:5      | Reached skill level 5 in Armour
  4370 | D:5      | Reached XP level 9. HP: 62/75 MP: 9/9
  4740 | D:6      | Reached skill level 12 in Axes
  4826 | D:6      | Noticed Sigmund
  4838 | D:6      | Killed Sigmund
  4922 | D:6      | Noticed Grinder
  4955 | D:6      | Killed Grinder
  5024 | D:6      | Found an opulent altar of Gozag.
  5377 | D:7      | Found a staircase to the Ecumenical Temple.
  5383 | Temple   | Entered the Ecumenical Temple
  5461 | Temple   | Became a worshipper of Qazlal Stormbringer
  5736 | D:7      | Found a runed door.
  5740 | D:7      | Noticed Crazy Yiuf
  5742 | D:7      | Killed Crazy Yiuf
  5818 | D:7      | Reached skill level 13 in Axes
  5845 | D:7      | Reached XP level 10. HP: 84/84 MP: 10/10
  5997 | D:7      | Reached * piety under Qazlal
  6722 | D:8      | Reached skill level 14 in Axes
  6726 | D:8      | Found a shadowy altar of Dithmenos.
  6791 | D:8      | Reached ** piety under Qazlal
  6938 | D:8      | Noticed Maurice
  7008 | D:8      | Reached skill level 1 in Invocations
  7111 | D:8      | Found a blossoming altar of Fedhas.
  7111 | D:8      | Found a hazy altar of Hepliaklqana.
  7196 | D:8      | Killed Maurice
  7325 | D:8      | Found Tuovon's Gadget Shoppe.
  7399 | D:8      | Found a white marble altar of Elyvilon.
  7718 | D:9      | Gained mutation: You are covered in fur. (AC +1) [potion of mutation]
  7718 | D:9      | Gained mutation: You are agile. (Dex +2) [potion of mutation]
  7718 | D:9      | Gained mutation: Your muscles are strong. (Str +2) [potion of mutation]
  7720 | D:9      | Gained mutation: Your spells are a little easier to cast, but a little less powerful. [mutagenic meat]
  7721 | D:9      | Gained mutation: You are dopey. (Int -2) [mutagenic meat]
  7722 | D:9      | Gained mutation: You are frail. (-10% HP) [mutagenic meat]
  7764 | D:9      | Lost mutation: You are frail. (-10% HP) [potion of cure mutation]
  7764 | D:9      | Lost mutation: Your spells are a little easier to cast, but a little less powerful. [potion of cure mutation]
  7764 | D:9      | Lost mutation: You are dopey. (Int -2) [potion of cure mutation]
  7786 | D:9      | Found a runed door.
  7786 | D:9      | Noticed a centaur warrior
  7786 | D:9      | Noticed a yaktaur captain
  7788 | D:9      | Noticed a deep elf knight
  7788 | D:9      | Noticed a fire giant
  7788 | D:9      | Noticed a stone giant
  8266 | D:10     | Entered Level 10 of the Dungeon
  8271 | D:10     | Noticed Joseph
  8287 | D:10     | Killed Joseph
  8287 | D:10     | Reached XP level 11. HP: 94/95 MP: 13/13
  8472 | D:10     | Noticed a hill giant
  8496 | D:10     | Killed a hill giant
  8674 | D:10     | Learned a level 3 spell: Conjure Flame
  8978 | D:10     | Noticed a hill giant
  8985 | D:10     | Killed a hill giant
  8985 | D:10     | Reached skill level 1 in Conjurations
  8985 | D:10     | Reached skill level 1 in Fire Magic
  9082 | D:10     | Reached skill level 1 in Spellcasting
  9111 | D:10     | Found Pyqaffec's General Store.
  9114 | D:10     | Noticed a hill giant
  9129 | D:10     | Killed a hill giant
  9142 | D:10     | Bought a scroll of identify for 30 gold pieces
  9161 | D:10     | Learned a level 3 spell: Mephitic Cloud
  9257 | D:10     | Paralysed by a hornet for 1 turns
  9265 | D:10     | Reached *** piety under Qazlal
  9443 | D:11     | Noticed Josephine
  9456 | D:12     | Noticed a necromancer
  9458 | D:12     | Killed from afar by Josephine

Skill      XL: |  1  2  3  4  5  6  7  8  9 10 11 |
---------------+----------------------------------+-----
Axes           | 3 5 6 7 8 9 11 13 14 | 14.7
Fighting       | 4 5 6 8 |  8.5
Armour         | 4 5 6 7 |  7.3
Shields        | 4 5 6 8 9 |  9.3
Dodging        | 1 2 |  2.2
Invocations    | 3 4 |  4.2
Conjurations   | 3 |  3.0
Fire Magic     | 2 |  2.6
Spellcasting   | 2 |  2.2

Action                   |  1- 3 |  4- 6 |  7- 9 | 10-12 || total
-------------------------+-------+-------+-------+-------++-------
Melee: War axe           |   117 |   161 |   386 |   489 ||  1153
Invok: Upheaval          |       |       |       |     1 ||     1
  Use: Scroll            |     3 |     2 |    10 |     5 ||    20
       Potion            |       |       |       |     3 ||     3
  Eat: Fruit             |       |     2 |     2 |     2 ||     6
       Royal jelly       |       |     1 |       |       ||     1
       Beef jerky        |       |     1 |     2 |       ||     3
       Bread ration      |       |       |     1 |     3 ||     4
       Pizza             |       |       |     1 |       ||     1
       Chunk             |       |       |       |     4 ||     4
Armor: Scale mail        |    28 |       |       |       ||    28
       Chain mail        |   103 |    88 |   141 |    48 ||   380
       Plate armour      |       |       |       |    91 ||    91
Dodge: Dodged            |    51 |    27 |    71 |    61 ||   210
Block: Shield            |    79 |    70 |   163 |   229 ||   541
       Large shield      |       |       |       |    41 ||    41
